 Dungeon Crawl Stone Soup version 0.17-a0-1910-g4c791fa (webtiles) character file.

156 Goblin1989 the Scratcher (level 5, -3/22 HPs)
             Began as a Felid Transmuter on Sept 25, 2015.
             Killed from afar by Duffy's ghost (7 damage)
             ... with a sting
             ... on level 4 of the Dungeon.
             The game lasted 00:14:57 (3800 turns).

Goblin1989 the Scratcher (Felid Transmuter)         Turns: 3800, Time: 00:14:57

Health: -3/22      AC:  2    Str:  6    XL:     5   Next: 14%
Magic:  9/9        EV: 18    Int: 17    God:
Gold:   25         SH:  0    Dex: 16    Spells: 2 memorised, 5 levels left
                                        Lives:  0   Deaths: 1

rFire  . . .     SeeInvis +       - Unarmed
rCold  . . .     Clarity  .     (armour unavailable)
rNeg   . . .     SustAt   .     (shield unavailable)
rPois  .         Gourm    .     (helmet unavailable)
rElec  .         Spirit   .     (cloak unavailable)
rCorr  .         Warding  .     (gloves unavailable)
rMut   .         Stasis   .     (boots unavailable)
MR     .....                    (no amulet)
Stlth  ++........               (no ring)
                                (no ring)

@: lethally poisoned (-3 -> -11), quick, not resistant to hostile enchantments,
unstealthy
A: no armour, no weapons or thrown items, claws 1, fangs 3, see invisible,
carnivore 3, speed 1, shaggy fur 2, slow metabolism 1, sharp paws
a: no special abilities


You were on level 4 of the Dungeon.
You were not hungry.

You visited 1 branch of the dungeon, and saw 4 of its levels.

You collected 183 gold pieces.
You spent 158 gold pieces at shops.

Inventory:

Missiles
 a - 31 arrows
Scrolls
 g - a scroll of remove curse
 j - a scroll of magic mapping
 l - a scroll of amnesia
 m - a scroll of fear
 n - 2 scrolls of identify
Potions
 d - a potion of brilliance
 h - a potion of might
 i - a potion of flight
 k - a potion of curing
Books
 b - a book of Changes

   Spells                             Type                      Level
   a - Beastly Appendage              Transmutation                1
   b - Sticks to Snakes               Transmutation                2
   c - Spider Form                    Transmutation/Poison         3
   d - Ice Form                       Ice/Transmutation            4
   e - Blade Hands                    Transmutation                5
Comestibles
 c - 3 meat rations


   Skills:
 - Level 1.0 Fighting
 - Level 2.6 Dodging
 + Level 7.0 Unarmed Combat
 - Level 2.0 Spellcasting
 - Level 2.1 Transmutations


You had 5 spell levels left.
You knew the following spells:

 Your Spells              Type           Power        Failure   Level  Hunger
a - Beastly Appendage     Trmt           #.....       10%         1    #......
b - Sticks to Snakes      Trmt           #.........   14%         2    ###....


Dungeon Overview and Level Annotations

Branches:
Dungeon (4/15)
 Temple: D:4-7

Altars:
Gozag
Makhleb
Vehumet
Zin

Shops:
D:4 ?

Annotations:
D:4 Duffy's ghost, average NaVM


Innate Abilities, Weirdness & Mutations

You cannot wear armour.
You are incapable of wielding weapons or throwing items.
You have sharp claws.
You have razor-sharp teeth.
You have supernaturally acute eyesight.
You are carnivorous and can eat meat at any time.
You cover ground quickly.
You are covered in thick fur (AC +2).
You have a slow metabolism.
Your sharp claws are effective at attacking unaware monsters.


Message History

You are too injured to fight recklessly!
You are too injured to fight recklessly!
You are too injured to fight recklessly!
You are too injured to fight recklessly!
You are too injured to fight recklessly!
You are too injured to fight recklessly!
You are too injured to fight recklessly!
You are too injured to fight recklessly!
You are too injured to fight recklessly!
You are too injured to fight recklessly!
You are too injured to fight recklessly!
You are too injured to fight recklessly!
You are too injured to fight recklessly!
Unknown command.
* * * LOW HITPOINT WARNING * * *
You feel sick. Duffy's ghost casts a spell at you. The sting hits you!
You are lethally poisoned!
You die...

#.###...#. #.# #...#.
#.###...#. . #.......#.
.. #.......#. ..
#.......#.
###.###########.###...#.
....>...................
#.####W@#######.#.######
#.......# #.#.######
......#.#######.......##
#######.......##...##.##
......."......##...##.##
########......##...##.##
#......##...##.##
##.?...###.###.# ...###
#.# #.##


You could see Duffy's ghost.

Vanquished Creatures
  A crimson imp (D:3)
  A centaur skeleton (D:4)
  10 adders
  An ooze (D:1)
  3 worms
  An adder skeleton (D:4)
  A giant gecko (D:1)
  3 orcs (D:3)
  6 giant cockroaches
  7 hobgoblins
  4 jackals (D:1)
  3 bats
  3 giant newts
  7 goblins
  7 kobolds
  6 rats
64 creatures vanquished.

Vanquished Creatures (collateral kills)
  An ogre (D:4)
  A worm (D:2)
  A giant newt (D:2)
  A rat (D:2)
4 creatures vanquished.

Grand Total: 68 creatures vanquished

Notes
Turn   | Place    | Note
--------------------------------------------------------------
     0 | D:1      | Goblin1989 the Felid Transmuter began the quest for the Orb.
     0 | D:1      | Reached XP level 1. HP: 9/9 MP: 4/4
   671 | D:1      | Reached XP level 2. HP: 12/12 MP: 4/6
   763 | D:1      | Reached skill level 4 in Unarmed Combat
  1397 | D:2      | Learned a level 2 spell: Sticks to Snakes
  1444 | D:2      | Found a radiant altar of Vehumet.
  1468 | D:2      | Reached XP level 3. HP: 13/15 MP: 5/7
  1561 | D:2      | Found an opulent altar of Gozag.
  2034 | D:2      | Found a faded altar to an unknown god.
  2123 | D:2      | Reached XP level 4. HP: 3/19 MP: 2/8
  2383 | D:2      | Reached skill level 5 in Unarmed Combat
  3062 | D:3      | Found a burning altar of Makhleb.
  3067 | D:3      | Reached XP level 5. HP: 17/22 MP: 9/9
  3237 | D:3      | Reached skill level 6 in Unarmed Combat
  3409 | D:4      | Noticed an ogre
  3428 | D:4      | Killed an ogre
  3530 | D:4      | Gained mutation: You are covered in thick fur (AC +2). [Felid growth]
  3530 | D:4      | Reached XP level 6. HP: 25/25 MP: 10/10
  3601 | D:4      | Found Feinoem's Magic Scroll Shoppe.
  3607 | D:4      | Bought a scroll of magic mapping for 38 gold pieces
  3607 | D:4      | Bought a scroll of amnesia for 38 gold pieces
  3607 | D:4      | Bought a scroll of fear for 38 gold pieces
  3607 | D:4      | Bought 2 scrolls of identify for 44 gold pieces
  3713 | D:4      | Noticed a phantom
  3731 | D:4      | Found a glowing silver altar of Zin.
  3757 | D:4      | Reached skill level 7 in Unarmed Combat
  3767 | D:4      | Slain by a phantom
  3768 | D:4      | Reached XP level 5. HP: 0/22 MP: 6/9
  3794 | D:4      | Noticed Duffy's ghost (average NaVM)
  3800 | D:4      | Killed from afar by Duffy's ghost

Vault maps used:
D:1:      minmay_arrival_checkered_box, minmay_misc_feat_pillars
D:2:      nicolae_overflow_hidden_temple, vehumet_crystals, ecumenical_altar_1
D:3:      makhleb_grotto_becter
D:4:      old_standard_altar, portal_sewer_entry_a, serial_shops,
          kennysheep_little_box

Action                   |  1- 3 |  4- 6 || total
-------------------------+-------+-------++-------
Melee: Unarmed           |    95 |   101 ||   196
 Cast: Beastly Appendage |    28 |    25 ||    53
       Sticks to Snakes  |     2 |     3 ||     5
  Use: Scroll            |       |     7 ||     7
       Potion            |       |     5 ||     5
 Stab: Sleeping          |     5 |     4 ||     9
  Eat: Chunk             |    10 |     4 ||    14
